 Dungeon Crawl Stone Soup version 0.32-a0-747-gc8563f6773 (webtiles) character file.

Game seed: 7513184004980236311

1092 cforsyth the Firebug (level 8, -2/70 HPs)
             Began as a Mountain Dwarf Cinder Acolyte on Mar 17, 2024.
             Was a High Priest of Ignis.
             Slain by an iguana (5 damage)
             ... on level 5 of the Dungeon on Mar 18, 2024.
             The game lasted 00:11:00 (6111 turns).

cforsyth the Firebug (MDCA)                         Turns: 6111, Time: 00:11:00

Health: -2/70      AC: 15    Str: 16    XL:     8   Next: 9%
Magic:  3/13       EV:  4    Int: 19    God:    Ignis [*****.]
Gold:   257        SH:  0    Dex:  8    Spells: 12/14 levels left

rFire   + . .        a - +0 hand axe (flame)
rCold   . . .        (no shield)
rNeg    . . .        f - +1 plate armour
rPois   .            (no helmet)
rElec   .            (no cloak)
rCorr   .            (no gloves)
SInv    .            (no boots)
Will    .....        (no amulet) Stlth
                     (no ring)
HPRegen 0.31/turn    (no ring)
MPRegen 0.13/turn

%: no passive effects
@: invisible
A: runic magic, artefact enchanting, talons 1, iridescent scales 1, agile 1,
clever 1
a: Renounce Religion, Fiery Armour, Foxfire Swarm, Rising Flame


You were on level 5 of the Dungeon.
You worshipped Ignis.
Ignis was extremely pleased with you.
You visited 1 branch of the dungeon, and saw 5 of its levels.
You also visited: Sewer.

You collected 281 gold pieces.
You spent 24 gold pieces at shops.


Innate Abilities, Weirdness & Mutations

Your spellcasting is much less encumbered by armour.
You can use scrolls of enchantment on lesser artefacts.
You have sharp toenails.
You are partially covered in iridescent scales. (AC +2)
You are agile. (Dex +4, Str/Int -1)
Your mind is acute. (Int +4, Str/Dex -1)


   Skills:
 + Level 5.7 Fighting
 + Level 6.1 Axes
 + Level 4.4 Armour
 + Level 3.5 Spellcasting
 + Level 6.2 Fire Magic


You had 12 spell levels left.
You knew the following spells:

 Your Spells              Type           Power      Damage    Failure   Level
X - Scorch                Fire           54%        2d7       4%          2

Your spell library contained the following spells:

 Spells                   Type           Power      Damage    Failure   Level


Inventory:

Hand Weapons
 a - a +0 hand axe of flaming (weapon)
Armour
 b - a +0 robe
 e - a +0 pair of gloves
 f - a +1 plate armour (worn)
Jewellery
 C - a ring of protection from cold
 N - a ring of positive energy
Wands
 n - a wand of flame (37)
Scrolls
 c - 2 scrolls of enchant armour
 g - a scroll of blinking
 o - a scroll of brand weapon
 p - a scroll of noise
 r - a scroll of silence {!r}
Potions
 d - a potion of degeneration
 i - 2 potions of magic
 j - a potion of invisibility
 k - a potion of cancellation
 l - 2 potions of enlightenment
 t - a potion of attraction

Dungeon Overview and Level Annotations

Branches:
Dungeon (5/15)              Sewer (visited)
 Temple: D:4-7

Altars:
Okawaru

Shops:
D:1 (   D:5 ?!:

Annotations:
D:1 1 transporter

#+#####.....#
#.....#
#.....#
#.....#
#.....#
#.....#
#.....#
#.....#
####@##
......hl?.#
..........#
..........#
..........#
..........#
...########
...


You could see a black bear (unable to see you) and an iguana (unable to see
you).


Message History

The black bear claws you.
* * * LOW HITPOINT WARNING * * *
The black bear claws you but does no damage.
The iguana barely misses you.
You barely miss the iguana.
The iguana is heavily wounded.
You barely miss the black bear.
The black bear bites you but does no damage.
The black bear completely misses you.
The black bear claws you but does no damage.
The iguana bites you but does no damage.
You hit the iguana. You burn the iguana.
The iguana is heavily wounded.
You hit the black bear. You burn the black bear.
The black bear bites you but does no damage.
The black bear closely misses you.
The black bear claws you but does no damage.
The iguana bites you.
* * * LOW HITPOINT WARNING * * *
You closely miss the iguana. Your kick misses the iguana.
The iguana is heavily wounded.
You hit the black bear. You burn the black bear. The black bear bites you.
* * * LOW HITPOINT WARNING * * *
The black bear claws you.
* * * LOW HITPOINT WARNING * * *
The black bear claws you.
* * * LOW HITPOINT WARNING * * *
The iguana bites you.
You die...
Ignis goes out, and joins you in death.

Skill      XL: |  1  2  3  4  5  6  7 |
---------------+----------------------+-----
Armour         | 1 2 3 4 |  4.4
Fire Magic     | 4 5 6 |  6.2
Axes           | 4 5 6 |  6.1
Fighting       | 4 5 |  5.7
Spellcasting   | 2 3 |  3.5

Action                     |  1- 3 |  4- 6 |  7- 9 || total
---------------------------+-------+-------+-------++-------
  Melee: Hand axe          |   111 |   134 |    25 ||   270
         Kick              |       |       |     2 ||     2
   Cast: Scorch            |     5 |    59 |    79 ||   143
  Evoke: Wand              |       |       |     1 ||     1
    Use: Scroll            |       |     6 |     8 ||    14
         Potion            |       |       |     3 ||     3
   Stab: Invisible         |       |       |     1 ||     1
 Armour: Plate armour      |   103 |   157 |    94 ||   354
         Robe              |     9 |       |       ||     9
  Dodge: Dodged            |    34 |    34 |    23 ||    91

Levels and vault maps discovered:
D:1:      spicycebolla_arrival_risky_transporter, layout_loops_cross,
          serial_shops, nicolae_shop_peninsula, minmay_misc_feat_iff
D:2:      layout_basic
D:3:      cheibrodos_fertilizer, layout_loops_cross, portal_sewer_entry_f
D:4:      layout_loops_cross, okawaru_altar_gauntlet_db, grunt_decor_clamped,
          uniq_ijyb, uniq_blork_the_orc
D:5:      layout_gridville, chequers_ossuary_entry_cave,
          nicolae_wooded_promenade, minmay_fractal_squares_diagonal_5

Notes
Turn   | Place    | Note
-------+----------+-------------------------------------------
     0 | D:1      | cforsyth the Mountain Dwarf Cinder Acolyte began the quest
                  | for the Orb.
     0 | D:1      | Reached XP level 1. HP: 19/19 MP: 2/2
   210 | D:1      | Found Wetwatt's Weapon Shop.
   294 | D:1      | Reached XP level 2. HP: 22/26 MP: 3/3
   763 | D:2      | Reached skill level 1 in Armour
   857 | D:2      | Reached skill level 4 in Fire Magic
   857 | D:2      | Reached XP level 3. HP: 31/31 MP: 3/5
   866 | D:2      | Reached skill level 4 in Axes
   918 | D:2      | Learned a level 2 spell: Scorch
  1451 | D:2      | Reached XP level 4. HP: 19/40 MP: 1/6
  1722 | D:3      | Found a glowing drain.
  1745 | D:3      | Reached skill level 4 in Fighting
  1754 | D:3      | Reached skill level 2 in Armour
  1765 | Sewer    | Entered a sewer
  1773 | Sewer    | Reached XP level 5. HP: 35/46 MP: 1/7
  1845 | Sewer    | Reached skill level 2 in Spellcasting
  2883 | Sewer    | Reached XP level 6. HP: 53/53 MP: 4/9
  2895 | Sewer    | Reached skill level 5 in Fire Magic
  3051 | D:3      | You fall into a shaft and drop 1 floor!
  3061 | D:4      | Reached skill level 5 in Axes
  3156 | D:4      | Reached skill level 3 in Armour
  3275 | D:4      | Noticed Ijyb
  3289 | D:4      | Killed Ijyb
  3526 | D:3      | Reached XP level 7. HP: 60/60 MP: 1/11
  4061 | D:3      | Reached skill level 5 in Fighting
  4686 | D:4      | Reached skill level 3 in Spellcasting
  4945 | D:4      | Noticed Blork the orc
  4951 | D:4      | Killed Blork the orc
  5398 | D:4      | Found an iron altar of Okawaru.
  5892 | D:5      | Entered Level 5 of the Dungeon
  5897 | D:4      | Reached skill level 4 in Armour
  5900 | D:4      | Reached skill level 6 in Fire Magic
  5983 | D:5      | Reached skill level 6 in Axes
  6024 | D:5      | Found Xigg's Book Shop.
  6027 | D:5      | Found Deudgh Ugud's Magic Scroll Shoppe.
  6027 | D:5      | Found Biobb's Distillery.
  6033 | D:5      | Bought a scroll of identify for 24 gold pieces
  6063 | D:5      | Reached XP level 8. HP: 29/70 MP: 2/13
  6098 | D:5      | HP: 6/70 [iguana (11)]
  6101 | D:5      | Gained mutation: You are partially covered in iridescent
                  | scales. (AC +2) [potion of mutation]
  6101 | D:5      | Gained mutation: You have sharp toenails. [potion of
                  | mutation]
  6101 | D:5      | Gained mutation: Your mind is acute. (Int +4, Str/Dex -1)
                  | [potion of mutation]
  6101 | D:5      | Gained mutation: You are agile. (Dex +4, Str/Int -1)
                  | [potion of mutation]
  6111 | D:5      | HP: 5/70 [black bear (3)]
  6111 | D:5      | Slain by an iguana

Vanquished Creatures
  A water moccasin (D:5)
  A black bear (D:4)
  Blork the orc (D:4)
  2 bullfrogs (Sewer)
  A scorpion (D:5)
  2 bombardier beetles
  2 jellies
  2 orc priests
  An iguana (D:4)
  Ijyb (D:4)
  A sleepcap (D:3)
  2 orc wizards (D:3)
  6 gnolls (D:4)
  10 adders
  2 ufetubi
  8 dart slugs
  3 ribbon worms
  13 orcs
  15 endoplasms
  16 giant cockroaches
  8 goblins
  10 hobgoblins
  3 jackals (D:2)
  11 quokkas
  14 ball pythons
  2 bats
  11 frilled lizards
  11 kobolds
  7 rats
167 creatures vanquished.

Table legend: (Time is in decaauts)
 A = Elapsed time spent in this place.
 B = Non-inter-level travel time spent in this place.
 C = Inter-level travel time spent in this place.
 D = Time resting spent in this place.
 E = Time spent auto-exploring this place.
 F = Levels seen in this place.
 G = Mean time per level.
                   A        B        C        D        E       F      G
               +--------+--------+--------+--------+--------+-----+--------+
         Total |   6212 |   6111 |    101 |   1000 |   3850 |   6 | 1035.3 |
       Dungeon |   4908 |   4807 |    101 |    350 |   3491 |   5 |  981.6 |
         Sewer |   1303 |   1303 |      0 |    650 |    359 |   1 | 1303.0 |
               +--------+--------+--------+--------+--------+-----+--------+

Top non-repeatable levels by time:
     D:4: 1789 daAuts
     D:3: 1334 daAuts
   Sewer: 1303 daAuts
     D:2: 891 daAuts
     D:1: 758 daAuts
     D:5: 135 daAuts

Table legend:
 A = Non-vault XP
 B = Vault XP
 C = Vault XP percentage of total XP
 D = Non-vault monster count
 E = Vault monster count
 F = Vault count percentage of total count
                 A         B        C        D         E       F
            +---------+---------+-------+---------+---------+-------
      Total |     989 |     571 |  36.6 |      91 |      76 |  45.5
            +---------+---------+-------+---------+---------+-------
        D:1 |      28 |       0 |   0.0 |      17 |       0 |   0.0
        D:2 |      81 |       2 |   2.4 |      22 |       1 |   4.3
        D:3 |     183 |      74 |  28.8 |      20 |      19 |  48.7
        D:4 |     464 |     177 |  27.6 |      29 |       8 |  21.6
        D:5 |     233 |       0 |   0.0 |       3 |       0 |   0.0
      Sewer |       0 |     318 | 100.0 |       0 |      48 | 100.0
            +---------+---------+-------+---------+---------+-------
